 Seeded DCSS version 0.28-a0-1567-g1695149f81 (webtiles) character file.

Game seed: 41976 (custom seed)

32 knot the Chopper (level 3, -2/43 HPs)
             Began as a Demonspawn Berserker on Jan 20, 2022.
             Was a Follower of Trog.
             Succumbed to Robin's poison
             ... on level 2 of the Dungeon.
             The game lasted 00:00:44 (2120 turns).

knot the Chopper (Demonspawn Berserker)             Turns: 2120, Time: 00:00:44

Health: -2/43      AC:  2    Str: 17    XL:     3   Next: 8%
Magic:  3/3        EV: 12    Int: 10    God:    Trog [*.....]
Gold:   44         SH:  0    Dex: 12    Spells: 2/2 levels left

rFire   . . .      SeeInvis .   a - +0 hand axe
rCold   . . .      Faith    .   (no shield)
rNeg    . . .      Spirit   .   b - +0 animal skin
rPois   .          Reflect  .   (helmet restricted)
rElec   .          Harm     .   (no cloak)
rCorr   .          Rampage  .   (no gloves)
Will    .....                   (no boots)
Stlth   ..........              (no amulet)
HPRegen 0.14/turn               (no ring)
MPRegen 0.08/turn               (no ring)

@: berserking, lethally poisoned (-2 -> -26), very quick
A: horns 1
a: Renounce Religion, Berserk


You were on level 2 of the Dungeon.
You worshipped Trog.
Trog was aware of your devotion.
You visited 1 branch of the dungeon, and saw 2 of its levels.

You collected 44 gold pieces.

Inventory:

Hand Weapons
 a - a +0 hand axe (weapon)
Missiles
 e - 5 stones (quivered)
 g - 27 sling bullets
Armour
 b - a +0 animal skin (worn)
Potions
 c - a potion of curing {unknown}
 d - a potion of haste {unknown}
 f - a potion of flight {unknown}


   Skills:
 - Level 3.0 Fighting
 + Level 3.9 Axes
 - Level 1.7 Armour
 - Level 1.7 Dodging


You had 2 spell levels left.
You didn't know any spells.
Your spell library was empty.

Dungeon Overview and Level Annotations

Branches:
Dungeon (2/15)

Altars:

Shops:
D:1 [

Annotations:
D:2 Robin


Innate Abilities, Weirdness & Mutations

You have a pair of small horns on your head.


Message History

The hobgoblin hits you but does no damage.
You hit the hobgoblin.
You kill the hobgoblin!
Trog accepts your kill. The goblin closely misses you.
You hit the goblin but do no damage. Your headbutt misses the goblin.
Robin hits you from afar with a +1 trident of venom!
You are poisoned.
The goblin completely misses you.
Unknown command.
A red film seems to cover your vision as you go berserk!
You feel yourself moving faster!
You feel mighty!
You feel very sick.
Robin hits you from afar with a +1 trident of venom.
You are more poisoned.
A goblin comes into view. It is wielding a +0 dagger.
The goblin hits you with a +0 club.
The goblin shouts!
You hit the goblin.
You kill the goblin!
Trog accepts your kill.
You feel very sick. Robin throws the goblin at you!
You feel very sick.
Robin hits you with a +1 trident of venom!
* * * LOW HITPOINT WARNING * * *
You are more poisoned.
Things that are here:
a +0 club; a goblin corpse; a hobgoblin corpse Unknown command.
You slash Robin!
Robin is heavily wounded.
You barely miss the goblin.
* * * LOW HITPOINT WARNING * * *
You feel very sick. The goblin barely misses you.
You barely miss Robin.
Robin is heavily wounded.
You closely miss the goblin.
You die...

##.#.# #####
##.#.# #...
.....########.####
<................#
##.....######.##.#
###.#.# #†##.#
#.#.# #.##.# #.#.#
#.##g# #.#.#
#.##@# #.#.#
#.##g# #.#.#
#.##g# #....
..##g# ...<. #g# #
#.#


gg# ..# You could see Robin, a hobgoblin (strong) and 5 goblins.

Vanquished Creatures
  4 endoplasms
  5 goblins
  3 hobgoblins
  2 jackals (D:1)
  3 quokkas (D:1)
  2 ball pythons (D:1)
  2 frilled lizards (D:1)
  4 kobolds (D:1)
  3 rats
28 creatures vanquished.

Notes
Turn   | Place    | Note
-------+----------+-------------------------------------------
     0 | D:1      | knot the Demonspawn Berserker began the quest for the Orb.
     0 | D:1      | Reached XP level 1. HP: 18/18 MP: 1/1
   655 | D:1      | Gained mutation: You have a pair of small horns on your
                  | head. [demonic ancestry]
   655 | D:1      | Reached XP level 2. HP: 5/24 MP: 2/2
  1512 | D:1      | Found Pimmai's Antique Armour Shoppe.
  1774 | D:1      | Found a faded altar of an unknown god.
  2072 | D:2      | Reached XP level 3. HP: 28/29 MP: 3/3
  2109 | D:2      | Noticed Robin
  2119 | D:2      | HP: 2/43 [poisoned by Robin]
  2120 | D:2      | Succumbed to Robin's poison

Illustrated notes

Levels and vault maps discovered:
D:1:      minmay_arrival_four_houses, layout_loops_ring,
          dreamdust_ecumenical_altar_hidden_monk_grotto, serial_shops, shop,
          serial_bayou_pond_d
D:2:      layout_loops_ring, serial_shops, nicolae_shop_trees,
          nicolae_shop_advertising_works [nicolae_subvault_shop_adworks],
          nicolae_shop_trees, uniq_robin

Skill      XL: |  1 |
---------------+----+-----
Axes           | 3 |  3.9
Fighting       | |  3.0
Armour         | |  1.7
Dodging        | |  1.7

Action                   || total
-------------------------++-------
Melee: Hand axe          ||    68
       Headbutt          ||     6
Invok: Berserk           ||     2
 Stab: Sleeping          ||     3
Armor: Animal skin       ||    11
Dodge: Dodged            ||    30

Table legend: (Time is in decaauts)
 A = Elapsed time spent in this place.
 B = Non-inter-level travel time spent in this place.
 C = Inter-level travel time spent in this place.
 D = Time resting spent in this place.
 E = Time spent auto-exploring this place.
 F = Levels seen in this place.
 G = Mean time per level.
                   A        B        C        D        E       F      G
               +--------+--------+--------+--------+--------+-----+--------+
         Total |   2141 |   2086 |     55 |    801 |   1125 |   2 | 1070.5 |
       Dungeon |   2141 |   2086 |     55 |    801 |   1125 |   2 | 1070.5 |
               +--------+--------+--------+--------+--------+-----+--------+

Top non-repeatable levels by time:
     D:1: 2083 daAuts
     D:2: 58 daAuts
